 Dungeon Crawl Stone Soup version 0.31-a0-640-g39d97e502b (webtiles) character file.

Game seed: 8559573925386891440

111 qw the Shooter (level 4, -25/28 HPs)
             Began as a Gargoyle Hunter on Aug 27, 2023.
             Annihilated by an ogre
             ... wielding a +0 giant club
              (31 damage)
             ... on level 3 of the Dungeon.
             The game lasted 00:00:36 (2163 turns).

qw the Shooter (Gargoyle Hunter)                    Turns: 2163, Time: 00:00:37

Health: -25/28     AC:  9    Str: 14    XL:     4   Next: 92%
Magic:  4/4        EV: 11    Int: 10    God:
Gold:   179        SH:  0    Dex: 15    Spells: 3/3 levels left

rFire   . . .        Y - +1 shortbow
rCold   . . .        (shield currently unavailable)
rNeg    + . .        f - +0 ring mail
rPois   inf          (no helmet)
rElec   +            e - +0 cloak
rCorr   .            (no gloves)
SInv    +            (no boots)
Will    .....        (no amulet)
Stlth   +            i - ring of see invisible
HPRegen 0.24/turn    (no ring)
MPRegen 0.09/turn

%: no passive effects
@: no status effects
A: sickness immunity, AC +3, negative energy resistance 1, electricity
resistance, torment resistance 1, petrification resistance
a: no special abilities


You were on level 3 of the Dungeon.
You visited 1 branch of the dungeon, and saw 3 of its levels.

You collected 179 gold pieces.


Innate Abilities, Weirdness & Mutations

You are immune to sickness and miasma.
Your stone body is resilient. (AC +3)
You are immune to poison.
You resist negative energy. (rN+)
You are resistant to electric shocks. (rElec)
You are resistant to unholy torment.
You are immune to petrification.


   Skills:
 - Level 3.1 Fighting
 + Level 5.4 Ranged Weapons
 - Level 1.3 Armour
 - Level 1.5 Dodging
 - Level 1.1 Stealth


You had 3 spell levels left.
You didn't know any spells.
Your spell library was empty.

Inventory:

Hand Weapons
 Y - a +1 shortbow (weapon)
Armour
 e - a +0 cloak (worn)
 f - a +0 ring mail (worn)
Jewellery
 i - a ring of see invisible (left hand)
Scrolls
 g - 2 scrolls of identify
Potions
 a - a potion of mutation {unknown}
 b - a potion of haste
 c - a potion of brilliance {unknown}
 h - a potion of curing
 j - a potion of berserk rage {unknown}

Dungeon Overview and Level Annotations

Branches:
Dungeon (3/15)

Altars:


Message History

The endoplasm quivers.
The arrow hits the ogre!
The ogre is moderately wounded.
You shoot an arrow. The arrow hits the ogre.
The ogre is moderately wounded.
The endoplasm hits you but does no damage.
The ogre barely misses you.
You shoot an arrow. The arrow completely misses the ogre.
The endoplasm freezes you.
You are frozen.
The ogre hits you but does no damage.
The ball python bites you but does no damage.
The ball python grabs you. The ball python constricts you.
The endoplasm hits you but does no damage.
You shoot an arrow. The arrow hits the ball python!
You kill the ball python!
The endoplasm hits you but does no damage.
The ogre closely misses you.
You shoot an arrow. The arrow hits the ogre.
The ogre is heavily wounded.
The endoplasm hits you but does no damage.
The ogre hits you with a +0 giant club!
Ouch! That really hurt!
You shoot an arrow. The arrow hits the ogre.
The ogre is severely wounded.
The endoplasm hits you but does no damage.
The endoplasm hits you. The ogre barely misses you.
You shoot an arrow. The arrow hits the ogre.
The ogre is severely wounded.
The endoplasm closely misses you.
You shoot an arrow. The arrow hits the ogre.
The ogre is almost dead.
The ogre barely misses you. The endoplasm freezes you.
You are frozen.
You shoot an arrow. The arrow barely misses the ogre.
The endoplasm freezes you.
You are frozen.
The ogre hits you with a +0 giant club!!
Ouch! That really hurt!
You die...

### # ..# . #.# .#
#.###.## ####......
....... ## #O%.##.:..
##@J.....# ##..#.#...# #
#..## # ..##.#... #.
###[.###...##>#.. .
##.##.##..# ...##.#.####.
#...#.#..###...........).
##.#.....##.##.###........
......##..#.#..#.+........
#####...#......#.#........


You could see an ogre and an endoplasm.

Vanquished Creatures
  An orc wizard (D:3)
  4 adders (D:2)
  3 orcs (D:3)
  6 ball pythons
  4 bats
  5 endoplasms
  A giant cockroach (D:1)
  4 goblins
  7 hobgoblins
  2 kobolds
  3 frilled lizards
  4 rats
44 creatures vanquished.

Notes
Turn   | Place    | Note
-------+----------+-------------------------------------------
     0 | D:1      | qw the Gargoyle Hunter began the quest for the Orb.
     0 | D:1      | Reached XP level 1. HP: 12/12 MP: 1/1
     0 | D:1      | 0 ||| qw: Version: 0.3-a-74-g0d5e918
     0 | D:1      | 0 ||| qw: Game counter: 164
     0 | D:1      | 0 ||| qw: Melee chars always use a shield: true
     0 | D:1      | 0 ||| qw: God list: Okawaru
     0 | D:1      | 0 ||| qw: Allow faded altars: false
     0 | D:1      | 0 ||| qw: Do Orc after clearing Dungeon:15 true
     0 | D:1      | 0 ||| qw: Do second Lair branch before Depths: true
     0 | D:1      | 0 ||| qw: Lair rune preference: random
     0 | D:1      | 0 ||| qw: Goals: Normal
     0 | D:1      | 0 ||| PLANNING D:1-11
    95 | D:1      | Reached XP level 2. HP: 17/17 MP: 2/2
   847 | D:1      | 847 ||| UPGRADING to +0 cloak.
   852 | D:1      | 852 ||| UPGRADING to +0 ring mail.
   862 | D:1      | 862 ||| DROPPING +0 leather armour.
   863 | D:1      | 863 ||| UPGRADING to ring of see invisible.
   864 | D:1      | 864 ||| READING scroll labelled WOWISKUISO.
   865 | D:1      | 865 ||| READING 2 scrolls labelled CANWEFF KABIQO.
   866 | D:1      | 866 ||| READING scroll labelled FIOCZA IP KEFY.
   871 | D:1      | 871 ||| DRINKING 2 orange potions.
   872 | D:1      | 872 ||| DROPPING scroll of butterflies.
  1012 | D:2      | Reached skill level 1 in Armour
  1012 | D:2      | Reached XP level 3. HP: 19/21 MP: 3/3
  1192 | D:2      | Reached skill level 5 in Ranged Weapons
  1226 | D:2      | Reached XP level 4. HP: 27/27 MP: 4/4
  1350 | D:2      | Identified the +5 dagger "Huliutt" {venom, Dex+5}
  1828 | D:2      | 1828 ||| READING scroll labelled EXKODIA YNNU.
  1829 | D:2      | 1829 ||| READING scroll labelled TYRPHU UDGHA.
  1830 | D:2      | 1830 ||| READING scroll labelled QIRGHEUPSEI.
  1831 | D:2      | 1831 ||| READING scroll labelled JIANUL SAUKAYG.
  1849 | D:2      | 1849 ||| READING 2 scrolls of identify.
  1849 | D:2      | 1849 ||| IDENTIFYING viscous black potion
  1907 | D:3      | 1907 ||| STAIRDANCE
  1910 | D:2      | Reached skill level 3 in Fighting
  2154 | D:3      | Noticed an ogre
  2162 | D:3      | HP: 7/28 [frozen (5)]
  2163 | D:3      | Annihilated by an ogre

Levels and vault maps discovered:
D:1:      amcnicky_arrival_wind_blow, layout_basic, serial_forest,
          infiniplex_forest_clump_C, infiniplex_forest_zigzag_1,
          infiniplex_forest_straight_1, infiniplex_forest_lined_2,
          infiniplex_forest_end_3, infiniplex_forest_lined_corner,
          infiniplex_forest_clump_curved
D:2:      layout_loops_ring, serial_forest, infiniplex_forest_straight_4,
          infiniplex_forest_lined_2, infiniplex_forest_clump_C,
          infiniplex_forest_end_3, infiniplex_forest_end_double,
          infiniplex_forest_corner_2, infiniplex_forest_straight_3,
          infiniplex_forest_end_double, infiniplex_forest_straight_2,
          minmay_tall_x
D:3:      layout_basic, ebering_ecumenical_altar_sacrificial,
          grunt_ministairs_8, fountainhead, minmay_between

Skill      XL: |  1  2  3  4 |
---------------+-------------+-----
Armour         | 1 |  1.3
Ranged Weapons | 5 |  5.4
Fighting       | 3 |  3.1
Dodging        | |  1.5
Stealth        | |  1.1

Action                     |  1- 3 |  4- 6 || total
---------------------------+-------+-------++-------
   Fire: Shortbow          |    64 |    59 ||   123
    Use: Scroll            |     3 |     5 ||     8
         Potion            |     1 |       ||     1
 Armour: Ring mail         |    13 |    23 ||    36
         Leather armour    |     3 |       ||     3
  Dodge: Dodged            |     5 |    35 ||    40

Table legend:
 A = Non-vault XP
 B = Vault XP
 C = Vault XP percentage of total XP
 D = Non-vault monster count
 E = Vault monster count
 F = Vault count percentage of total count
                 A         B        C        D         E       F
            +---------+---------+-------+---------+---------+-------
      Total |     122 |      37 |  23.3 |      36 |       8 |  18.2
            +---------+---------+-------+---------+---------+-------
        D:1 |      25 |       0 |   0.0 |      15 |       0 |   0.0
        D:2 |      42 |      33 |  44.0 |      10 |       5 |  33.3
        D:3 |      55 |       4 |   6.8 |      11 |       3 |  21.4
            +---------+---------+-------+---------+---------+-------
